AoeStats
← Jok3R

Arabia

507553574Analyzed
1v1 RM · 12d ago on Sep 18, 2026· 59m 32s· 2 players
Game mode
Random Map
Map size
Tiny (2 player)
Population
200
Speed
Normal
Resources
Standard
Victory
Conquest
Starting age
Dark Age
Ending age
Imperial Age
RankedLock teamsTeams togetherTeam positionsShared explorationLock speedFull tech treeHidden civsTurbo modeCheats
Victory
Defeat
🇩🇪 Britons · Germany
714
+14
🇵🇪 Huns · Peru
678
-14
Thesammy
6:33 Loom
9:39 Feudal Age
17:24 Forging
18:41 Wheelbarrow
19:31 Double-Bit Axe
19:41 Horse Collar
20:22 Gold Mining
23:46 Castle Age
22:07 Scale Barding Armor
23:02 Bloodlines
23:14 Fletching
24:12 Stone Mining
25:29 Husbandry
26:00 Pikeman
27:31 Elite Skirmisher
30:20 Town Watch
30:52 Hand Cart
30:58 Hand Cart
31:25 Town Patrol
32:58 Murder Holes
33:32 Bow Saw
35:01 Iron Casting
34:21 Bodkin Arrow
34:48 Chain Barding Armor
34:30 Scale Mail Armor
34:40 Thumb Ring
35:51 Gold Shaft Mining
39:09 Imperial Age
39:12 Cavalier
40:35 Bracer
41:35 Blast Furnace
41:27 Plate Barding Armor
41:53 Heavy Plow
44:25 Paladin
49:02 Chemistry
49:49 Padded Archer Armor
55:06 Halberdier
56:10 Chain Mail Armor
56:11 Leather Archer Armor
56:35 Squires
59:18 Ballistics
Jok3R
7:25 Loom
10:42 Feudal Age
11:43 Double-Bit Axe
20:42 Castle Age
20:30 Wheelbarrow
20:05 Fletching
23:03 Squires
22:36 Pikeman
24:22 Padded Archer Armor
24:23 Scale Mail Armor
27:42 Forging
29:15 Iron Casting
30:14 Bodkin Arrow
30:49 Chain Mail Armor
34:23 Imperial Age
34:16 Gold Mining
35:00 Bow Saw
36:04 Bracer
36:20 Leather Archer Armor
37:00 Gold Shaft Mining
37:31 Halberdier
41:18 Plate Mail Armor
41:48 Blast Furnace
43:07 Arson
44:46 Two-Man Saw
43:42 Stone Mining
43:47 Elite Longbowman
Connection lost

Rejoining the realm…

Still unreachable

The connection could not be restored.

Session expired

The server has moved on; the page needs a fresh start.